[Event "ICC tourney 2035 (75 10)"]
[Site "Internet Chess Club"]
[Date "2020.10.04"]
[Round "4"]
[White "chessisthebest1"]
[Black "Legolas08"]
[Result "1-0"]
[ICCResult "Black resigns"]
[WhiteElo "1895"]
[BlackElo "1736"]
[Opening "Caro-Kann: classical, Spassky variation"]
[ECO "B19"]
[NIC "CK.12"]
[Time "12:01:50"]
[TimeControl "4500+10"]

1. e4 c6 2. d4 d5 3. Nc3 dxe4 4. Nxe4 Bf5 5. Ng3 Bg6 6. h4 h6 7. Nf3 Nd7 8.
h5 Bh7 9. Bd3 Bxd3 10. Qxd3 e6 11. Bd2 Ngf6 12. O-O-O Qc7 13. Ne4 Nxe4 14.
Qxe4 Nf6 15. Qe2 O-O-O 16. c4 c5 17. Bc3 Qf4+ 18. Qe3 Qxe3+ 19. fxe3 Ng4 20.
Rhe1 Nf2 21. Rd2 Ne4 22. Rc2 f6 23. g4 Bd6 24. Rg2 Bg3 25. Ree2 Bd6 26. Nd2
Nxd2 27. Rxd2 Rhe8 28. Kc2 b6 29. b3 cxd4 30. exd4 Bf4 31. Rde2 e5 32. dxe5
Bxe5 {Black resigns} 1-0

[Event "ICC tourney 2035 (75 10)"]
[Site "Internet Chess Club"]
[Date "2020.10.04"]
[Round "4"]
[White "Chessulanru2020"]
[Black "imranchamp"]
[Result "1-0"]
[ICCResult "Black checkmated"]
[WhiteElo "2227"]
[BlackElo "1802"]
[Opening "Réti opening"]
[ECO "A30"]
[NIC "QP.10"]
[Time "12:02:23"]
[TimeControl "4500+10"]

1. Nf3 c5 2. c4 Nf6 3. b3 g6 4. Bb2 Bg7 5. g3 O-O 6. Bg2 Nc6 7. O-O d6 8.
Nc3 Ne4 9. Qc1 Nxc3 10. Bxc3 Nd4 11. Bxd4 cxd4 12. d3 Bd7 13. Qb2 Qb6 14. b4
Rac8 15. a4 a6 16. a5 Qa7 17. Rfb1 e5 18. Nd2 f5 19. b5 axb5 20. cxb5 Rc5
21. b6 Qa6 22. Nc4 d5 23. Nd6 Bc6 24. Qb4 Rc2 25. Qb3 Rc5 26. Qb4 Rc2 27.
Nb5 Qa8 28. Nc7 Qc8 29. Nxd5 Bxd5 30. Bxd5+ Kh8 31. a6 bxa6 32. b7 Qb8 33.
Rxa6 Rxe2 34. Ra8 Qxa8 35. bxa8=Q Rxa8 36. Bxa8 h6 37. Bd5 Kh7 38. Qb8 g5
39. Qg8+ Kg6 40. Rb6+ Kh5 41. Bf3+ g4 42. Bxe2 f4 43. Qf7+ Kg5 44. Qg6#
{Black checkmated}
1-0

[Event "ICC tourney 2035 (75 10)"]
[Site "Internet Chess Club"]
[Date "2020.10.04"]
[Round "4"]
[White "JQX2019"]
[Black "HarleyQueen8"]
[Result "1/2-1/2"]
[ICCResult "Game drawn by mutual agreement"]
[WhiteElo "1503"]
[BlackElo "1710"]
[Opening "QGA: 3.e4"]
[ECO "D20"]
[NIC "QG.04"]
[Time "12:01:50"]
[TimeControl "4500+10"]

1. d4 d5 2. c4 dxc4 3. e4 e5 4. Nf3 exd4 5. Bxc4 Nc6 6. O-O Be6 7. Bb5 Bc5
8. a3 Ne7 9. b4 Bb6 10. Bb2 O-O 11. Nbd2 a6 12. Bd3 h6 13. Nb3 Qd6 14. Rc1
Bxb3 15. Qxb3 Rad8 16. Bb1 Ng6 17. Rcd1 Nge5 18. Nxe5 Qxe5 19. Qd3 Qb5 20.
Qg3 Qe5 21. Qd3 Qb5 22. Qg3 Qe5 23. Qb3 Rfe8 24. Kh1 Qe6 25. Qg3 Qg6 26. Qb3
Qe6 27. Qg3 {Game drawn by mutual agreement} 1/2-1/2

[Event "ICC tourney 2035 (75 10)"]
[Site "Internet Chess Club"]
[Date "2020.10.04"]
[Round "4"]
[White "Mariiachess97"]
[Black "NightMovesTN"]
[Result "1/2-1/2"]
[ICCResult "Game drawn by mutual agreement"]
[WhiteElo "1740"]
[BlackElo "2235"]
[Opening "Ruy Lopez: open, classical defense"]
[ECO "C83"]
[NIC "RL.29"]
[Time "12:01:54"]
[TimeControl "4500+10"]

1. e4 e5 2. Nf3 Nc6 3. Bb5 a6 4. Ba4 Nf6 5. O-O Nxe4 6. d4 b5 7. Bb3 d5 8.
dxe5 Be6 9. c3 Be7 10. Nbd2 Nc5 11. Qe2 Bf5 12. Rd1 Bd3 13. Qe3 a5 14. Nd4
Qd7 15. Re1 Nxd4 16. cxd4 Nxb3 17. Nxb3 Bc2 18. Qg3 O-O 19. Bh6 Bg6 20. Bg5
Bb4 21. Bd2 Bxd2 22. Nxd2 c5 23. dxc5 d4 24. Nf3 d3 25. Rad1 Rac8 26. e6
fxe6 27. Ne5 Qd4 28. h3 Rxc5 29. Nxg6 hxg6 30. Rxd3 Qxb2 31. Rxe6 Qc1+ 32.
Kh2 Rg5 33. Qe3 Qxe3 34. fxe3 Rf2 35. h4 Rgxg2+ 36. Kh3 Rh2+ 37. Kg3 Rfg2+
38. Kf3 g5 39. Re5 gxh4 40. Rxb5 Rg3+ 41. Ke4 Rf2 42. Rd8+ Kf7 43. Rxa5 h3
44. Rh8 Re2 45. Kf4 Rgxe3 46. Ra7+ Kf6 47. Ra6+ Ke7 48. Ra7+ Kd6 49. Rxg7
Re4+ 50. Kf3 R2e3+ 51. Kf2 Ra3 52. Rh6+ Kd5 53. Rd7+ Kc5 54. Rc7+ Kd5 55.
Rd7+ Kc5 56. Rc7+ {Game drawn by mutual agreement} 1/2-1/2

[Event "ICC tourney 2035 (75 10)"]
[Site "Internet Chess Club"]
[Date "2020.10.04"]
[Round "4"]
[White "G-Horobetz"]
[Black "A-Zapata"]
[Result "1-0"]
[ICCResult "Black forfeits on time"]
[WhiteElo "1821"]
[BlackElo "2209"]
[Opening "Sicilian, Szén (`anti-Taimanov') variation"]
[ECO "B44"]
[NIC "SI.39"]
[Time "12:02:04"]
[TimeControl "4500+10"]

1. e4 c5 2. Nf3 e6 3. d4 cxd4 4. Nxd4 Nc6 5. Nb5 d6 6. Bf4 e5 7. Be3 Be6 8.
Nd2 Nf6 9. Bg5 Be7 10. Bxf6 Bxf6 11. Nc4 O-O 12. Qxd6 Qc8 13. c3 Bxc4 14.
Bxc4 a6 15. Na3 Rd8 16. Qc5 Be7 17. Qe3 Bxa3 18. bxa3 Ne7 19. Bb3 Ng6 20. g3
Rd6 21. Bd5 Ne7 22. c4 Rb8 23. Rd1 Rh6 24. h4 Nc6 25. Kf1 Rf6 26. Kg2 Qc7
27. Rhf1 Re8 28. Rb1 Re7 29. Rb6 h6 30. Rfb1 Qc8 31. Qc5 Rc7 32. Qe3 Kh7 33.
h5 Qd7 34. R1b3 Qe7 35. Rb1 Qd7 36. f3 Qe7 37. Rf1 Nd4 38. Rxf6 Qxf6 39. f4
b5 40. Qc3 bxc4 41. fxe5 Qxe5 42. Rf5 Qd6 43. Qxd4 c3 44. e5 Qd8 45. Rf1 Rd7
46. Be4+ Kg8 47. Qxc3 Rd2+ 48. Rf2 Rd4 49. Qf3 Qd7 50. Bc2
{Black forfeits on time}
1-0

[Event "ICC tourney 2035 (75 10)"]
[Site "Internet Chess Club"]
[Date "2020.10.04"]
[Round "5"]
[White "PrincessChess"]
[Black "kiremon"]
[Result "1-0"]
[ICCResult "Black resigns"]
[WhiteElo "1519"]
[BlackElo "1541"]
[Opening "Philidor: Larsen variation"]
[ECO "C41"]
[NIC "KP.08"]
[Time "15:32:12"]
[TimeControl "4500+10"]

1. e4 e5 2. Nf3 d6 3. d4 exd4 4. Nxd4 g6 5. c3 Bg7 6. Bd3 Nf6 7. O-O O-O 8.
Bg5 h6 9. Bh4 Bd7 10. Nd2 Nc6 11. Nxc6 Bxc6 12. Qc2 Re8 13. Rae1 Qd7 14. f3
g5 15. Bf2 Nh5 16. Bd4 Nf4 17. Bxg7 Kxg7 18. c4 Qe7 19. g3 Ng6 20. Rf2 Ne5
21. Bf1 h5 22. Bg2 Rh8 23. Qc3 f6 24. h3 h4 25. g4 Ng6 26. Nf1 Nf4 27. Ne3
Bd7 28. Nd5 Nxd5 29. exd5 Qf7 30. f4 gxf4 31. Rxf4 Rhe8 32. g5 Rxe1+ 33.
Qxe1 Qh5 34. gxf6+ Kg8 35. Qe7 Qf7 36. Qe1 Re8 37. Qxh4 Re5 38. Qg3+ Kf8 39.
h4 Qh7 40. Be4 Qh6 41. Kf2 Rxe4 42. Qg7+ {Black resigns} 1-0

[Event "ICC tourney 2035 (75 10)"]
[Site "Internet Chess Club"]
[Date "2020.10.04"]
[Round "5"]
[White "dorukemir"]
[Black "Legolas08"]
[Result "1-0"]
[ICCResult "Black resigns"]
[WhiteElo "1423"]
[BlackElo "1687"]
[Opening "Caro-Kann: classical, Spassky variation"]
[ECO "B19"]
[NIC "CK.12"]
[Time "15:33:41"]
[TimeControl "4500+10"]

1. e4 c6 2. d4 d5 3. Nd2 dxe4 4. Nxe4 Bf5 5. Ng3 Bg6 6. h4 h6 7. Nf3 Nd7 8.
h5 Bh7 9. Bd3 Bxd3 10. Qxd3 e6 11. Bd2 Ngf6 12. O-O-O Qc7 13. Ne4 Nxe4 14.
Qxe4 Nf6 15. Qe2 O-O-O 16. g3 Bd6 17. Rde1 c5 18. dxc5 Qxc5 19. Rh4 Kb8 20.
Rd1 Qb6 21. Ra4 a6 22. Ba5 Qb5 23. Qxb5 axb5 24. Bxd8 Rxd8 25. Rad4 Nd5 26.
a4 Bc5 27. R4d2 b4 28. Ne5 f6 29. Nd3 Bf8 30. Nf4 b3 31. Nxe6 {Black
resigns} 1-0

[Event "ICC tourney 2035 (75 10)"]
[Site "Internet Chess Club"]
[Date "2020.10.04"]
[Round "5"]
[White "NightMovesTN"]
[Black "G-Horobetz"]
[Result "1/2-1/2"]
[ICCResult "Game drawn by mutual agreement"]
[WhiteElo "2231"]
[BlackElo "1869"]
[Opening "Queen's pawn game"]
[ECO "E06"]
[NIC "CA.05"]
[Time "15:32:14"]
[TimeControl "4500+10"]

1. d4 d5 2. Nf3 e6 3. g3 Nf6 4. Bg2 Be7 5. O-O O-O 6. c4 dxc4 7. Ne5 Nc6 8.
Nxc6 bxc6 9. Bxc6 Rb8 10. Nc3 Bb7 11. Bxb7 Rxb7 12. Rb1 c5 13. dxc5 Bxc5 14.
Bg5 Qc8 15. Bxf6 gxf6 16. Ne4 Kg7 17. Qc2 Be7 18. Qc3 Rc7 19. g4 Qb7 20. f3
Qb4 21. Qc1 Rd7 22. Kh1 Rfd8 23. Rg1 Rd4 24. Qe3 Qb8 25. Ng3 Qe5 26. Qxe5
fxe5 27. Ne4 f6 28. Rbc1 Kf7 29. e3 Rd3 30. Rge1 f5 31. Ng3 Rd2 32. gxf5
exf5 33. Nxf5 Rxb2 34. Nxe7 Rdd2 {Game drawn by mutual agreement} 1/2-1/2

[Event "ICC tourney 2035 (75 10)"]
[Site "Internet Chess Club"]
[Date "2020.10.04"]
[Round "5"]
[White "HarleyQueen8"]
[Black "chessisthebest1"]
[Result "1/2-1/2"]
[ICCResult "Game drawn by mutual agreement"]
[WhiteElo "1718"]
[BlackElo "1887"]
[Opening "QGD: exchange, positional line"]
[ECO "D35"]
[NIC "QO.16"]
[Time "15:32:12"]
[TimeControl "4500+10"]

1. d4 d5 2. c4 e6 3. Nc3 Nf6 4. cxd5 exd5 5. Bg5 Nbd7 6. e3 c6 7. Bd3 Be7 8.
Qc2 O-O 9. Nge2 Re8 10. O-O Nf8 11. f3 Be6 12. h3 Nh5 13. Bxe7 Qxe7 14. e4
Ng6 15. Qd2 Qh4 16. e5 Ngf4 17. Nxf4 Nxf4 18. Bc2 Qg3 19. Kh1 h5 20. Qf2 h4
21. Ne2 Qxf2 22. Rxf2 g5 23. Nxf4 gxf4 24. Bd3 a6 25. Rc1 Bd7 26. Kg1 Kf8
27. Kf1 Ke7 28. Ke2 b5 29. Kd2 a5 30. Rc5 a4 31. Rf1 Rg8 32. Rf2 Rgb8 33.
Rf1 b4 34. Rf2 b3 35. a3 {Game drawn by mutual agreement} 1/2-1/2

[Event "ICC tourney 2035 (75 10)"]
[Site "Internet Chess Club"]
[Date "2020.10.04"]
[Round "5"]
[White "imranchamp"]
[Black "JQX2019"]
[Result "1-0"]
[ICCResult "Black checkmated"]
[WhiteElo "1803"]
[BlackElo "1482"]
[Opening "Sicilian: closed"]
[ECO "B23"]
[NIC "SI.44"]
[Time "15:32:16"]
[TimeControl "4500+10"]

1. e4 c5 2. Nc3 d6 3. f4 g6 4. Nf3 Bg7 5. Bc4 Nc6 6. O-O e6 7. f5 gxf5 8. d3
Nge7 9. Qe1 Nd4 10. Nxd4 Bxd4+ 11. Kh1 fxe4 12. dxe4 a6 13. a4 Bd7 14. Bg5
h6 15. Bh4 Bc6 16. Qe2 Qd7 17. Rae1 Ng6 18. Nd5 Bxd5 19. exd5 e5 20. Bf6
Bxb2 21. Bxh8 Nxh8 22. Bd3 Qxa4 23. Rb1 Qd4 24. c3 Bxc3 25. Rxb7 Qxd5 26.
Bxa6 Qe6 27. Bb5+ Kf8 28. Qf3 Ra3 29. Bd7 Qc4 30. Qf6 Qxf1+ 31. Qxf1 Ra1 32.
Rb1 Rxb1 33. Qxb1 d5 34. Qc1 d4 35. Qxh6+ Kg8 36. Qg5+ Ng6 37. Bf5 Kf8 38.
Bxg6 fxg6 39. Qf6+ Kg8 40. Qxg6+ Kf8 41. Qf6+ Ke8 42. Qxe5+ Kd7 43. Qxc5 Ke6
44. h4 Ba1 45. h5 Kf6 46. g4 d3 47. Qf5+ Kg7 48. Qxd3 Be5 49. Qg6+ Kh8 50.
Qe8+ Kh7 51. Qxe5 Kg8 52. Qe7 Kh8 53. h6 Kg8 54. Qg7# {Black checkmated} 1-0

[Event "ICC tourney 2035 (75 10)"]
[Site "Internet Chess Club"]
[Date "2020.10.04"]
[Round "5"]
[White "gitb98"]
[Black "Chessulanru2020"]
[Result "0-1"]
[ICCResult "White resigns"]
[WhiteElo "1952"]
[BlackElo "2232"]
[Opening "King's Indian: 3.g3"]
[ECO "E60"]
[NIC "KI.80"]
[Time "15:32:28"]
[TimeControl "4500+10"]

1. d4 Nf6 2. c4 g6 3. g3 Bg7 4. Bg2 c6 5. e4 d6 6. Nc3 Bg4 7. f3 Bc8 8. f4
O-O 9. Nf3 Nfd7 10. O-O Na6 11. Qe2 e5 12. dxe5 dxe5 13. Rd1 Qc7 14. Be3 Re8
15. Rd2 exf4 16. gxf4 Nac5 17. Nd4 Nf8 18. Qf2 Nce6 19. Nce2 Nxd4 20. Nxd4
Bg4 21. h3 Bh5 22. Rf1 Rad8 23. f5 Be5 24. Bf4 Bxf4 25. Qxf4 Qxf4 26. Rxf4
g5 27. Rff2 f6 28. b3 Bf7 29. Kf1 Kg7 30. Bf3 Nd7 31. Kg2 Ne5 32. Kg3 Kf8
33. Nc2 Ke7 34. Ne3 h5 35. Rd1 Rxd1 36. Bxd1 Rd8 37. Bc2 h4+ 38. Kg2 Bh5 39.
a3 Nd3 40. Nd5+ Rxd5 41. cxd5 Nxf2 42. dxc6 bxc6 43. Kxf2 c5 44. Ke3 Bf7 45.
Bd1 Kd6 46. b4 cxb4 47. axb4 Ke5 48. Bg4 Bc4 49. Bf3 Bf1 50. Bg4 Bg2 51. Bf3
Bxh3 52. Kf2 g4 53. Bh1 g3+ {White resigns} 0-1

[Event "ICC tourney 2035 (75 10)"]
[Site "Internet Chess Club"]
[Date "2020.10.04"]
[Round "5"]
[White "A-Zapata"]
[Black "Mariiachess97"]
[Result "1-0"]
[ICCResult "Black resigns"]
[WhiteElo "2202"]
[BlackElo "1744"]
[Opening "Ruy Lopez: Cozio defense, Paulsen variation"]
[ECO "C60"]
[NIC "RL.04"]
[Time "15:32:17"]
[TimeControl "4500+10"]

1. e4 e5 2. Nf3 Nc6 3. Bb5 Nge7 4. Nc3 g6 5. d4 exd4 6. Nxd4 Bg7 7. Be3 O-O
8. O-O d5 9. Bxc6 bxc6 10. Nb3 dxe4 11. Bc5 Bd7 12. Nxe4 Re8 13. Re1 Nd5 14.
Bd4 Bf5 15. Ng3 Rxe1+ 16. Qxe1 Bxc2 17. Bxg7 Kxg7 18. Nd4 Ba4 19. b3 Bb5 20.
Rd1 Ba6 21. Nxc6 Qe8 22. Qxe8 Rxe8 23. f3 Ne3 24. Rc1 Bb7 25. Na5 Ba8 26.
Rxc7 a6 27. Nc4 Nd5 28. Ra7 Nb4 29. Nf1 Nxa2 30. Nd6 Rb8 31. Rxf7+ Kg8 32.
Ra7 Bd5 33. Ne3 Be6 34. Kf2 Nb4 35. Ne4 Rf8 36. Nc5 Bc8 37. Nc4 Bf5 38. Nd6
Nd3+ 39. Nxd3 Bxd3 40. Ke3 Bf1 41. g3 Rd8 42. Ne4 h5 43. Nc5 Rd6 44. Rd7 Rf6
45. f4 Bb5 46. Rd5 Kf7 47. Ne4 Re6 48. Kd4 Kg7 49. Rd6 Re7 50. Nc3 Re1 51.
Nxb5 axb5 52. Kc5 Re2 53. Kxb5 Rxh2 54. b4 Rh3 55. Rd3 h4 56. Rd7+ Kf6 57.
Rd6+ Ke7 58. Rxg6 Rxg3 59. Rh6 Rg4 60. f5 Rf4 61. f6+ Rxf6 62. Rxh4 Kd7 63.
Rc4 Rf8 64. Ka6 Ra8+ 65. Kb7 Ra4 66. Rc7+ Kd6 67. b5 Ra5 68. b6 Rb5 69. Rc1
Ra5 70. Kb8 Kd7 71. b7 Ra4 72. Rd1+ Ke6 73. Rd8 Ke7 74. Rd5 Ke6 75. Rc5 Kd6
76. Rc7 Rh4 77. Rc8 Ra4 78. Rd8+ Ke7 79. Rd1 Ke6 80. Kc7 Rc4+ 81. Kb6 Rb4+
82. Kc6 Rb2 83. Re1+ Kf7 84. Re5 {Black resigns} 1-0

[Event "ICC tourney 2035 (75 10)"]
[Site "Internet Chess Club"]
[Date "2020.10.04"]
[Round "6"]
[White "Mariiachess97"]
[Black "imranchamp"]
[Result "1-0"]
[ICCResult "Black checkmated"]
[WhiteElo "1797"]
[BlackElo "1797"]
[Opening "Sicilian: Keres variation (2.Ne2)"]
[ECO "B20"]
[NIC "SI.48"]
[Time "19:02:38"]
[TimeControl "4500+10"]

1. e4 c5 2. Ne2 g6 3. g3 Bg7 4. Bg2 Nc6 5. c3 d6 6. d4 cxd4 7. cxd4 Nf6 8.
Nbc3 O-O 9. O-O a6 10. h3 Nd7 11. a4 f5 12. exf5 Rxf5 13. Be3 Kh8 14. Nf4
Nb6 15. Qd3 Rf8 16. a5 e5 17. d5 Nb4 18. Qe4 N4xd5 19. Nfxd5 Bf5 20. Bxb6
Bxe4 21. Bxd8 Bxg2 22. Kxg2 Raxd8 23. Ra4 Rc8 24. Rb4 Rc5 25. Rxb7 Rxa5 26.
Re1 Rc5 27. Re4 a5 28. Ra4 h6 29. Rb5 Rb8 30. Rxb8+ Rc8 31. Rxc8+ Bf8 32.
Rxf8+ Kg7 33. Rd8 g5 34. Rxd6 g4 35. hxg4 e4 36. Rxa5 h5 37. Ra7+ Kg8 38.
Rd8# {Black checkmated} 1-0

[Event "ICC tourney 2035 (75 10)"]
[Site "Internet Chess Club"]
[Date "2020.10.04"]
[Round "6"]
[White "Yucheng"]
[Black "HarleyQueen8"]
[Result "1/2-1/2"]
[ICCResult "Game drawn by mutual agreement"]
[WhiteElo "1834"]
[BlackElo "1723"]
[Opening "QGA: 3.e4"]
[ECO "D20"]
[NIC "QG.04"]
[Time "19:01:54"]
[TimeControl "4500+10"]

1. d4 d5 2. c4 dxc4 3. e4 e5 4. Nf3 exd4 5. Qxd4 Qxd4 6. Nxd4 Nf6 7. f3 Bc5
8. Nb5 Na6 9. Bxc4 O-O 10. Ke2 Re8 11. N5c3 Nb4 12. Na3 Be6 13. Bxe6 Rxe6
14. Rd1 a6 15. Be3 Bxe3 16. Kxe3 Kf8 17. Rac1 Nc6 18. Nc2 Ke8 19. Nd4 Nxd4
20. Rxd4 Rd8 21. Ne2 Rd7 22. Nf4 Ree7 23. Rxd7 {Game drawn by mutual
agreement} 1/2-1/2

[Event "ICC tourney 2035 (75 10)"]
[Site "Internet Chess Club"]
[Date "2020.10.04"]
[Round "6"]
[White "JQX2019"]
[Black "gitb98"]
[Result "1-0"]
[ICCResult "Black resigns"]
[WhiteElo "1578"]
[BlackElo "1921"]
[Opening "King's Indian: 4.e4"]
[ECO "E70"]
[NIC "KI.32"]
[Time "19:01:55"]
[TimeControl "4500+10"]

1. d4 Nf6 2. c4 g6 3. Nc3 Bg7 4. e4 O-O 5. Bd3 d6 6. Nge2 e5 7. d5 a5 8. f3
Na6 9. Be3 Ne8 10. Qd2 f5 11. O-O-O Nb4 12. Bb1 Bd7 13. h4 Rb8 14. Rdg1 Qe7
15. exf5 Bxf5 16. Bxf5 gxf5 17. g4 e4 18. fxe4 fxe4 19. Kb1 Rf3 20. Nf4 Bxc3
21. Qxc3 Qe5 22. Qd2 Nd3 23. Nxd3 exd3 24. Re1 Qe4 25. Ba7 Qxc4 26. Bxb8 Nf6
27. Re7 Qxd5 28. Qh6 Nh5 29. gxh5 Rf7 30. Re8+ {Black resigns} 1-0

[Event "ICC tourney 2035 (75 10)"]
[Site "Internet Chess Club"]
[Date "2020.10.04"]
[Round "6"]
[White "Chessulanru2020"]
[Black "G-Horobetz"]
[Result "1/2-1/2"]
[ICCResult "Game drawn by mutual agreement"]
[WhiteElo "2210"]
[BlackElo "1894"]
[Opening "QGD: Charousek (Petrosian) variation"]
[ECO "D31"]
[NIC "QO.04"]
[Time "19:02:14"]
[TimeControl "4500+10"]

1. d4 d5 2. c4 e6 3. Nc3 Be7 4. Bf4 Nf6 5. e3 O-O 6. Nf3 c6 7. c5 b6 8. b4
a5 9. a3 Ba6 10. Bxa6 Nxa6 11. O-O axb4 12. axb4 Nxb4 13. Rxa8 Qxa8 14. cxb6
Qb7 15. Na4 Ra8 16. Qb3 Nd7 17. Bc7 Na6 18. Ne5 Nf8 19. Qc3 c5 20. Nxc5 Bxc5
21. dxc5 Nxc7 22. bxc7 Qxc7 23. c6 f6 24. Nf3 e5 25. g3 Rc8 26. Rd1
{Game drawn by mutual agreement}
1/2-1/2

[Event "ICC tourney 2035 (75 10)"]
[Site "Internet Chess Club"]
[Date "2020.10.04"]
[Round "6"]
[White "NightMovesTN"]
[Black "A-Zapata"]
[Result "1/2-1/2"]
[ICCResult "Game drawn by repetition"]
[WhiteElo "2230"]
[BlackElo "2200"]
[Opening "King's Indian: orthodox, 7...Nbd7"]
[ECO "E94"]
[NIC "KI.13"]
[Time "19:01:56"]
[TimeControl "4500+10"]

1. d4 Nf6 2. c4 g6 3. Nc3 Bg7 4. e4 d6 5. Be2 O-O 6. Nf3 e5 7. O-O Nbd7 8.
Be3 Ng4 9. Bg5 f6 10. Bh4 h5 11. h3 Nh6 12. dxe5 dxe5 13. b4 c6 14. c5 Nf7
15. Bc4 Qe7 16. Nd2 Rd8 17. Qc2 Nf8 18. Rad1 Ne6 19. Ne2 a5 20. a3 axb4 21.
axb4 Bh6 22. Bb3 Rxd2 23. Rxd2 Bxd2 24. Qxd2 g5 25. Bg3 h4 26. Bh2 Kg7 27.
g3 Ned8 28. gxh4 gxh4 29. Kh1 Bxh3 30. Rg1+ Kf8 31. f4 Be6 32. Bc2 Bc4 33.
fxe5 fxe5 34. Nd4 Qf6 35. Nf5 Ra2 36. Qc3 Be6 37. Rf1 Qg5 38. Rg1 Qf6 39.
Rf1 Qg5 40. Rg1 Qf6 {Game drawn by repetition} 1/2-1/2

[Event "ICC tourney 2035 (75 10)"]
[Site "Internet Chess Club"]
[Date "2020.10.04"]
[Round "6"]
[White "chessisthebest1"]
[Black "dorukemir"]
[Result "0-1"]
[ICCResult "White resigns"]
[WhiteElo "1877"]
[BlackElo "1527"]
[Opening "Giuoco Piano"]
[ECO "C54"]
[NIC "IG.02"]
[Time "19:02:18"]
[TimeControl "4500+10"]

1. e4 e5 2. Nf3 Nc6 3. Bc4 Bc5 4. c3 Nf6 5. d3 d5 6. exd5 Nxd5 7. O-O O-O 8.
Re1 Bg4 9. Nbd2 Nb6 10. b4 Bd6 11. Bb3 Kh8 12. h3 Bh5 13. Ne4 h6 14. Ng3 Bg6
15. Bc2 f5 16. b5 Nb8 17. Nxe5 Bxe5 18. Rxe5 Qf6 19. d4 N8d7 20. Re1 Nd5 21.
Bb2 N7b6 22. Bd3 f4 23. Ne4 Qf7 24. Qc2 f3 25. g3 Bf5 26. g4 Bh7 27. Nc5 Nf4
28. Bxh7 Qf6 29. Nd3 Nxh3+ 30. Kf1 Qh4 31. Re5 Nf4 {White resigns} 0-1